 Dungeon Crawl Stone Soup version 0.30-a0-1160-g6e42c06551 (webtiles) character file.

Game seed: 14616960123385652943

10545 Newt the Spear-Bearer (level 11, -1/81 HPs)
             Began as a Demonspawn Gladiator on Apr 25, 2023.
             Was a Believer of Makhleb.
             Killed from afar by a will-o-the-wisp (20 damage)
             ... with a foxfire
             ... on level 2 of the Lair of Beasts.
             The game lasted 00:15:11 (13819 turns).

Newt the Spear-Bearer (Demonspawn Gladiator)       Turns: 13819, Time: 00:15:11

Health: -1/81      AC:  7    Str: 19    XL:     11   Next: 37%
Magic:  0/6        EV: 20    Int: 10    God:    Makhleb [**....]
Gold:   834        SH:  6    Dex: 14    Spells: 10/10 levels left

rFire   . . .        F - +8 spear (antimagic)
rCold   . . .        (no shield)
rNeg    . . .        z - +3 chain mail
rPois   .            c - +0 helmet
rElec   .            u - +0 cloak
rCorr   .            (no gloves)
SInv    .            G - +1 pair of boots {Stlth+}
Will    .....        m - amulet of faith Stlth
                     q - +5 ring of evasion
HPRegen 0.33/turn    r - ring of magical power
MPRegen 0.20/turn

%: guardian spirit, faith
@: agile, corroded
A: large bone plates 2, powered by pain 2, magic shield, magic regeneration,
magic link, weakness stinger 2
a: Renounce Religion, Minor Destruction


You were on level 2 of the Lair of Beasts.
You worshipped Makhleb.
Makhleb was pleased with you.
You visited 3 branches of the dungeon, and saw 13 of its levels.
You also visited: Volcano.

You collected 834 gold pieces.

Inventory:

Hand Weapons
 a - a +0 rapier
 p - a +2 short sword of speed
 F - a +8 antimagic spear (weapon)
 J - a +1 halberd
Missiles
 d - a throwing net (quivered)
 f - 83 stones
 x - 12 poisoned darts
 E - a curare-tipped dart
Armour
 b - a +0 leather armour
 c - a +0 helmet (worn)
 j - a +0 pair of boots
 l - a +2 plate armour of positive energy
 u - a +0 cloak (worn)
 z - a +3 chain mail (worn)
 G - a +1 pair of boots of stealth (worn)
 L - a +2 leather armour of fire resistance
Jewellery
 g - a ring of see invisible
 h - a ring of flight
 m - an amulet of faith (around neck)
 n - a +6 ring of intelligence
 q - a +5 ring of evasion (left hand)
 r - a ring of magical power (right hand)
Wands
 K - a wand of mindburst (7)
Scrolls
 o - 2 scrolls of silence
 v - 2 scrolls of blinking
 y - 4 scrolls of teleportation
 A - 3 scrolls of identify
 B - a scroll of fear
 C - 3 scrolls of magic mapping
 I - a scroll of summoning
 M - 2 scrolls of amnesia
 N - a scroll of poison
 O - a scroll of immolation
Potions
 i - 2 potions of heal wounds
 k - 5 potions of curing
 s - a potion of mutation
 t - 2 potions of might
 w - 3 potions of brilliance
 D - 3 potions of invisibility
 P - a potion of flight {unknown}
Miscellaneous
 H - a phial of floods


   Skills:
 - Level 6.0 Fighting
 - Level 5.0 Short Blades
 - Level 9.0 Polearms
 - Level 8.0 Throwing
 + Level 8.5 Armour
 - Level 5.0 Dodging


You had 10 spell levels left.
You didn't know any spells.
Your spell library contained the following spells:

 Spells                   Type           Power      Damage    Failure   Level
 Call Canine Familiar     Summ           0%         N/A       100%        3
 Portal Projectile        Hex/Tloc       0%         N/A       100%        3
 Leda's Liquefaction      Hex/Erth       0%         N/A       100%        4


Dungeon Overview and Level Annotations

Branches:
Dungeon (10/15)            Temple (1/1) D:7            Lair (2/5) D:9
Volcano (visited)
  Swamp: Lair:2-3    Shoals: Lair:2-3     Snake: Lair:2-3    Spider: Lair:2-3
    Orc: D:9-12

Altars:
Ashenzari
Cheibriados
Fedhas
Gozag
Hepliaklqana
Kikubaaqudgha
Makhleb
Nemelex Xobeh
Qazlal
Ru
Sif Muna
Trog
Uskayaw
Vehumet
Wu Jian
Xom
Yredelemnul

Shops:
D:7 :   D:8 *

Portals:
Trove: D:10 (give +2 storm dragon scales)

Annotations:
Temple 2 transporters


Innate Abilities, Weirdness & Mutations

You are mostly covered in large bone plates. (SH +6)
You sometimes gain power by taking damage.
When hurt, damage is shared between your health and your magic reserves.
You regenerate magic rapidly.
When low on magic, you restore magic in place of health.
You have a tail ending in a sharp stinger.


Message History

The polar bear claws you but does no damage.
The polar bear misses you.
The will-o-the-wisp gestures.
The will-o-the-wisp conjures some foxfire! 2 foxfires come into view.
Reach: F) +8 spear (antimagic)
Press: ? - help, Dir - move target, f - will-o-the-wisp
Aim: a will-o-the-wisp (severely damaged, about 26% to evade your +8 antimagic spear)
You reach to attack!
You hit the will-o-the-wisp.
The will-o-the-wisp's magic leaks into the air.
The will-o-the-wisp is severely damaged.
The polar bear completely misses you. The polar bear misses you.
You block the polar bear's attack.
The will-o-the-wisp gestures.
The will-o-the-wisp conjures some foxfire!
A foxfire comes into view.
Unknown command.
Reach: F) +8 spear (antimagic)
Press: ? - help, Dir - move target, f/p - will-o-the-wisp
Aim: a will-o-the-wisp (severely damaged, magic disrupted, about 26% to evade your +8 antimagic spear)
You reach to attack!
You hit the will-o-the-wisp.
The will-o-the-wisp's magic leaks into the air.
The will-o-the-wisp is almost destroyed.
A foxfire comes into view.
The will-o-the-wisp gestures.
The will-o-the-wisp conjures some foxfire!
The polar bear barely misses you.
The polar bear completely misses you. x2 2 foxfires come into view.
Unknown command.
Unknown command.
Reach: F) +8 spear (antimagic)
Press: ? - help, Dir - move target, f/p - will-o-the-wisp
Aim: a will-o-the-wisp (almost destroyed, magic disrupted, about 26% to evade your +8 antimagic spear)
You reach to attack!
You hit the will-o-the-wisp.
The will-o-the-wisp's magic leaks into the air.
The will-o-the-wisp is almost destroyed.
The foxfire hits you!
* * * LOW HITPOINT WARNING * * *
The foxfire hits you!!
You die...

.............................
........................÷....
...............>.............
.............................
.............................
#..#......P...##.............
..#.......#v.P###....##....##
#......§#v..##.....###.#..
##.(...§vh@.........# ....
#P.....vv#...#.....## ..
.##...§§v§#...#.....#
.........##...#.....#
.#.......##....#.....#
##.......#.........#.#
#......##..##........
#.......##.# .......
(.........


You could see a polar bear and a will-o-the-wisp (magic disrupted).

Vanquished Creatures
  A fire crab (Volcano)
  A lindwurm (Volcano)
  A black mamba (Lair:1)
  2 molten gargoyles (Volcano)
  A rime drake (Lair:1)
  Maggie (Lair:2)
  A komodo dragon (D:10)
  A hornet (D:8)
  A wyvern (Lair:2)
  A wraith (D:9)
  6 fire bats (Volcano)
  14 yaks
  4 steam dragons
  A hell hound (Volcano)
  2 water moccasins (Lair:1)
  4 black bears
  Duvessa (D:5)
  5 sky beasts
  4 wolves (Lair:1)
  An ogre (D:5)
  3 centaurs
  2 kobold brigands
  6 bullfrogs
  A scorpion (D:7)
  5 wights (D:9)
  Dowan (D:5)
  A howler monkey (D:9)
  2 electric eels (D:7)
  7 lava snakes (Volcano)
  2 gnoll boudas (D:6)
  2 hounds
  2 jellies
  4 orc priests
  3 iguanas
  2 sleepcaps
  6 orc wizards
  13 gnolls
  11 adders
  A shadow imp (D:7)
  A white imp (D:6)
  An ufetubus (D:6)
  A worm (D:4)
  A dart slug (D:2)
  21 orcs
  11 ball pythons
  9 endoplasms
  5 giant cockroaches
  7 goblins
  4 hobgoblins
  2 jackals (D:1)
  2 quokkas
  8 bats
  9 frilled lizards
  14 kobolds
  6 rats
229 creatures vanquished.

Vanquished Creatures (others)
  5 foxfires (Lair:2)
  7 fungi (Lair:2)
  12 plants
24 creatures vanquished.

Grand Total: 253 creatures vanquished

Notes
Turn   | Place    | Note
-------+----------+-------------------------------------------
     0 | D:1      | Newt the Demonspawn Gladiator began the quest for the Orb.
     0 | D:1      | Reached XP level 1. HP: 16/16 MP: 1/1
   164 | D:1      | Gained mutation: You are partially covered in large bone
                  | plates. (SH +4) [demonic ancestry]
   164 | D:1      | Reached XP level 2. HP: 23/23 MP: 2/2
   520 | D:1      | Gained mutation: You sometimes gain a little power by
                  | taking damage. [demonic ancestry]
   520 | D:1      | Reached XP level 3. HP: 13/30 MP: 3/3
  1539 | D:2      | Gained mutation: You regenerate magic rapidly. [demonic
                  | ancestry]
  1539 | D:2      | Reached XP level 4. HP: 34/37 MP: 4/4
  1743 | D:2      | Found a faded altar of an unknown god.
  2300 | D:3      | Gained mutation: When hurt, damage is shared between your
                  | health and your magic reserves. [demonic ancestry]
  2300 | D:3      | Reached XP level 5. HP: 24/42 MP: 5/5
  3703 | D:4      | Reached skill level 5 in Short Blades
  3947 | D:5      | Entered Level 5 of the Dungeon
  3981 | D:5      | Noticed a centaur
  3997 | D:5      | Reached skill level 1 in Armour
  4012 | D:5      | Killed a centaur
  4013 | D:5      | Gained mutation: You have a small tail. [demonic ancestry]
  4013 | D:5      | Reached XP level 6. HP: 28/48 MP: 4/6
  4211 | D:5      | Noticed Duvessa
  4213 | D:5      | Noticed Dowan
  4238 | D:5      | Killed Duvessa
  4255 | D:5      | Killed Dowan
  4693 | D:5      | Gained mutation: When low on magic, you restore magic in
                  | place of health. [demonic ancestry]
  4693 | D:5      | Reached XP level 7. HP: 52/54 MP: 5/7
  4775 | D:5      | Reached skill level 5 in Armour
  5321 | D:6      | Reached skill level 5 in Fighting
  5545 | D:6      | Gained mutation: You are mostly covered in large bone
                  | plates. (SH +6) [demonic ancestry]
  5545 | D:6      | Reached XP level 8. HP: 60/64 MP: 6/8
  6319 | D:7      | Found a staircase to the Ecumenical Temple.
  6354 | Temple   | Entered the Ecumenical Temple
  6354 | Temple   | Found a transporter.
  6354 | Temple   | Found a transporter.
  6431 | Temple   | Found a transporter.
  6431 | Temple   | Found a transporter.
  6462 | Temple   | Became a worshipper of Makhleb the Destroyer
  6514 | D:7      | Reached skill level 5 in Throwing
  6618 | D:7      | Found Yfes's Book Emporium.
  6804 | D:7      | Reached skill level 5 in Dodging
  8050 | D:7      | Reached skill level 1 in Polearms
  8410 | D:7      | Reached skill level 2 in Polearms
  8410 | D:7      | Reached XP level 9. HP: 59/69 MP: 3/9
  8507 | D:8      | Found Ifycal's Assorted Antiques.
  8692 | D:7      | Reached skill level 3 in Polearms
  8698 | D:8      | Reached * piety under Makhleb
  8815 | D:8      | Paralysed by a hornet for 2 turns
  8820 | D:8      | Reached skill level 4 in Polearms
  9367 | D:8      | Reached skill level 5 in Polearms
  9609 | D:9      | Reached skill level 6 in Polearms
  9753 | D:9      | Reached skill level 7 in Polearms
  9940 | D:9      | Gained mutation: You have a tail ending in a sharp stinger.
                  | [demonic ancestry]
  9940 | D:9      | Reached XP level 10. HP: 52/76 MP: 3/10
  9948 | D:9      | Reached skill level 8 in Polearms
 10053 | D:9      | Found a staircase to the Lair.
 10112 | D:9      | Reached ** piety under Makhleb
 11046 | D:10     | Entered Level 10 of the Dungeon
 11062 | D:10     | Reached skill level 9 in Polearms
 11309 | D:10     | Found a portal to a secret trove of treasure.
 11337 | Lair:1   | Entered Level 1 of the Lair of Beasts
 11343 | Lair:1   | Found a dark tunnel.
 11349 | Volcano  | Entered a volcano
 11933 | Volcano  | Found a radiant altar of Vehumet.
 11933 | Volcano  | Noticed a lindwurm
 11954 | Volcano  | Killed a lindwurm
 12032 | Volcano  | Noticed a molten gargoyle
 12042 | Volcano  | Killed a molten gargoyle
 12131 | Volcano  | Noticed a fire crab
 12147 | Volcano  | Killed a fire crab
 12266 | Volcano  | Noticed a molten gargoyle
 12285 | Volcano  | Killed a molten gargoyle
 12286 | Volcano  | Gained mutation: You sometimes gain power by taking damage.
                  | [demonic ancestry]
 12286 | Volcano  | Reached XP level 11. HP: 48/81 MP: 2/11
 13781 | Lair:2   | Noticed Maggie
 13815 | Lair:2   | Killed Maggie
 13815 | Lair:2   | HP: 3/81 [will-o-the-wisp/foxfire (23)]
 13815 | Lair:2   | HP: 1/81 [will-o-the-wisp/foxfire (2)]
 13819 | Lair:2   | Killed from afar by a will-o-the-wisp

Illustrated notes

Levels and vault maps discovered:
D:1:      minmay_arrival_shattered_statue, layout_basic, serial_bayou_pond_c,
          minmay_octomino_j4
D:2:      layout_loops_ring, nicolae_ecumenical_lake_church
D:3:      layout_basic
D:4:      layout_loops_ring
D:5:      layout_basic, uniq_duvessa
D:6:      layout_basic
D:7:      layout_gridville, minmay_temple_entry_statues_pillars, serial_shops,
          kennysheep_mini, hangedman_abyss_or_decor_passed,
          serial_bayou_lagoon_b
D:8:      layout_basic, nicolae_stop_n_shop_1
D:9:      layout_basic, dpeg_oklobed_lair
D:10:     layout_big_octagon, lemuel_doored_altar,
          gammafunk_temple_overflow_pools, nicolae_trove_entry_crossroad,
          disabler_island, uniq_erolcha
Temple:   hellmonk_temple_divided_pantheon
Lair:1:   layout_regular_city, enter_volcano_2, st_stairs_6, grunt_megastairs_3
Lair:2:   layout_regular_city, minmay_swamp_entry_wisps, dummy_snake_entry,
          uniq_erica, uniq_maggie, uniq_nergalle

Skill      XL: |  1  2  3  4  5  6  7  8  9 10 11 |
---------------+----------------------------------+-----
Fighting       | 3 4 6 |  6.0
Short Blades   | 3 4 5 |  5.0
Armour         | 2 3 5 6 8 |  8.5
Throwing       | 5 8 |  8.0
Dodging        | 5 |  5.0
Polearms       | 2 7 9 |  9.0

Action                     |  1- 3 |  4- 6 |  7- 9 | 10-12 || total
---------------------------+-------+-------+-------+-------++-------
  Melee: Rapier            |   109 |    29 |       |       ||   138
         Punch             |     1 |     4 |     8 |     4 ||    17
         Short sword       |       |   230 |   397 |       ||   627
         Tailslap          |       |     7 |    99 |    50 ||   156
         Spear             |       |       |   199 |   354 ||   553
  Throw: Throwing net      |     2 |     2 |     2 |     2 ||     8
         Javelin           |       |     3 |     1 |     1 ||     5
         Stone             |       |     6 |     3 |       ||     9
         Dart              |       |     5 |     5 |       ||    10
    Use: Scroll            |     2 |     7 |     9 |     6 ||    24
         Potion            |       |       |     1 |     4 ||     5
   Stab: Sleeping          |     1 |     1 |       |       ||     2
         Held in net/web   |     2 |       |     2 |     1 ||     5
 Armour: Leather armour    |    23 |    27 |       |       ||    50
         Chain mail        |       |       |   189 |    68 ||   257
  Dodge: Dodged            |    58 |   115 |   317 |   145 ||   635
  Block: Other             |    15 |    35 |   104 |    65 ||   219

Table legend: (Time is in decaauts)
 A = Elapsed time spent in this place.
 B = Non-inter-level travel time spent in this place.
 C = Inter-level travel time spent in this place.
 D = Time resting spent in this place.
 E = Time spent auto-exploring this place.
 F = Levels seen in this place.
 G = Mean time per level.
                   A        B        C        D        E       F      G
               +--------+--------+--------+--------+--------+-----+--------+
         Total |  13417 |  13061 |    356 |   3624 |   7444 |  14 |  958.4 |
       Dungeon |  10906 |  10602 |    304 |   2991 |   6087 |  10 | 1090.6 |
        Temple |    124 |    115 |      9 |      0 |     81 |   1 |  124.0 |
          Lair |   1291 |   1249 |     42 |    233 |    816 |   2 |  645.5 |
       Volcano |   1094 |   1094 |      0 |    400 |    460 |   1 | 1094.0 |
               +--------+--------+--------+--------+--------+-----+--------+

Top non-repeatable levels by time:
     D:7: 2220 daAuts
     D:9: 1508 daAuts
     D:5: 1242 daAuts
     D:1: 1214 daAuts
 Volcano: 1094 daAuts
     D:3: 991 daAuts
     D:6: 931 daAuts
  Lair:1: 871 daAuts
     D:2: 871 daAuts
     D:8: 836 daAuts
     D:4: 816 daAuts
  Lair:2: 419 daAuts
    D:10: 272 daAuts
  Temple: 124 daAuts
